 Dungeon Crawl Stone Soup version 0.23.2-40-g277498a001 (webtiles) character file.

Game seed: 12268879706863119440

19 FishyPogo the Twirler (level 2, -1/20 HPs)
             Began as a Gnoll Wanderer on Oct 12, 2019.
             Slain by a worm (5 damage)
             ... on level 2 of the Dungeon on Oct 13, 2019.
             The game lasted 00:04:16 (1398 turns).

FishyPogo the Twirler (Gnoll Wanderer)              Turns: 1398, Time: 00:04:16

Health: -1/20      AC:  3    Str: 12    XL:     2   Next: 75%
Magic:  5/5        EV: 14    Int: 17    God:
Gold:   70         SH:  0    Dex: 13    Spells: 6/6 levels left

rFire    . . .     SeeInvis .   a - +2 dagger
rCold    . . .     Gourm    .   (no shield)
rNeg     . . .     Faith    .   e - +0 robe
rPois    .         Spirit   .   m - +0 helmet
rElec    .         Reflect  .   (no cloak)
rCorr    .         Harm     .   (no gloves)
MR       .....                  (no boots)
Stlth    ++........             (no amulet)
HPRegen  0.06/turn              (no ring)
MPRegen  0.09/turn              (no ring)

@: no status effects
A: distributed training, fangs 1, strong nose
a: no special abilities


You were on level 2 of the Dungeon.
You were very hungry.

You visited 1 branch of the dungeon, and saw 2 of its levels.

You collected 70 gold pieces.

Inventory:

Hand Weapons
 a - a +2 dagger (weapon)
Armour
 e - a +0 robe (worn)
 g - a +0 shield
 m - a +0 helmet (worn)
Scrolls
 c - 2 scrolls of teleportation
 h - 2 scrolls of identify {unknown}
 j - a scroll of remove curse {unknown}
Potions
 b - a potion of berserk rage
 d - a potion of curing
 k - a potion of lignification {unknown}
 l - 2 potions of ambrosia {unknown}
Comestibles
 f - 3 rations


   Skills:
 + Level 0.5 Fighting
 + Level 0.5 Short Blades
 + Level 0.5 Long Blades
 + Level 0.5 Axes
 + Level 0.5 Maces & Flails
 + Level 0.5 Polearms
 + Level 6.5 Staves
 + Level 0.5 Slings
 + Level 0.5 Bows
 + Level 0.5 Crossbows
 + Level 2.5 Throwing
 + Level 0.5 Armour
 + Level 4.5 Dodging
 + Level 2.3 Stealth
 + Level 0.5 Shields
 + Level 0.5 Unarmed Combat
 + Level 2.7 Spellcasting
 + Level 0.3 Conjurations
 + Level 0.3 Hexes
 + Level 0.3 Charms
 + Level 0.3 Summonings
 + Level 0.3 Necromancy
 + Level 0.3 Translocations
 + Level 0.3 Transmutations
 + Level 2.0 Fire Magic
 + Level 2.0 Ice Magic
 + Level 0.3 Air Magic
 + Level 0.3 Earth Magic
 + Level 0.3 Poison Magic
 + Level 0.6 Invocations
 + Level 0.5 Evocations


You had 6 spell levels left.
You didn't know any spells.
Your spell library was empty.

Dungeon Overview and Level Annotations

Branches:
Dungeon (2/15)

Altars:


Innate Abilities, Weirdness & Mutations

Your experience applies equally to all skills.
You have very sharp teeth.
Your uncanny sense of smell can sniff out nearby items.


Message History

The worm is lightly wounded.
The worm bites you.
* * * LOW HITPOINT WARNING * * *
You hit the worm.
The worm is lightly wounded.
You hit the worm.
The worm is moderately wounded.
The worm misses you.
You hit the worm.
The worm is moderately wounded.
You hit the worm.
The worm is severely wounded.
The worm bites you.
* * * LOW HITPOINT WARNING * * *
You hit the worm.
The worm is almost dead.
You barely miss the worm.
The worm is almost dead.
The worm bites you.
You die...

......######.#.##....###.##......
.............#.##....# #.##..###.
........###..#.##....###.##..#.#.
....#.....#..#.##.(...##.##.##.##
....#.#..##..#.##........##.#...#
....#.#..##..#.##........##..###.
#####.#^..#..#..(........##w#...#
#.#####..###w#####...##.##.##
#..........#@# #..#...#.#
#######..#.#.# #..#....#..
#..#.#.# #.>.%..###. #..#.#.#
#####...#.. #..#.#.# #..#.#
#..#.#.# #.##.# #..#.#.# #.#...
#....#.# #..###. #.####.# #.# #


You could see a worm.

Vanquished Creatures
  A leopard gecko (D:2)
  2 giant cockroaches
  A goblin (D:2)
  3 hobgoblins
  2 kobolds (D:1)
  2 bats
  3 frilled lizards
  4 rats
18 creatures vanquished.

Notes
Turn   | Place    | Note
-------+----------+-------------------------------------------
     0 | D:1      | FishyPogo the Gnoll Wanderer began the quest for the Orb.
     0 | D:1      | FishyPogo set off with the following items: a +2 dagger, a
                  | potion of berserk rage, a scroll of teleportation, a potion
                  | of curing, a +0 robe, a ration
     0 | D:1      | Reached XP level 1. HP: 13/13 MP: 4/4
   340 | D:2      | Reached XP level 2. HP: 14/19 MP: 5/5
  1398 | D:2      | Slain by a worm

Skill      XL: |  1 |
---------------+----+-----
Fire Magic     | 2 |  2.0
Ice Magic      | 2 |  2.0
Fighting       | |  0.5
Short Blades   | |  0.5
Long Blades    | |  0.5
Axes           | |  0.5
Maces & Flails | |  0.5
Polearms       | |  0.5
Staves         | |  6.5
Slings         | |  0.5
Bows           | |  0.5
Crossbows      | |  0.5
Throwing       | |  2.5
Armour         | |  0.5
Dodging        | |  4.5
Stealth        | |  2.3
Shields        | |  0.5
Unarmed Combat | |  0.5
Spellcasting   | |  2.7
Conjurations   | |  0.3
Hexes          | |  0.3
Charms         | |  0.3
Summonings     | |  0.3
Necromancy     | |  0.3
Translocations | |  0.3
Transmutations | |  0.3
Air Magic      | |  0.3
Earth Magic    | |  0.3
Poison Magic   | |  0.3
Invocations    | |  0.6
Evocations     | |  0.5

Action                   || total
-------------------------++-------
Melee: Dagger            ||    62
       Bite              ||     6
Throw: Stone             ||     1
 Stab: Sleeping          ||     7
Armor: Robe              ||     6
Dodge: Dodged            ||    29
